AoeStats
← WkxvII5228

Four Lakes

507598471Analyzed
1v1 RM · 13d ago on Sep 18, 2026· 31m 35s· 2 players
Game mode
Random Map
Map size
Tiny (2 player)
Population
200
Speed
Normal
Resources
Standard
Victory
Conquest
Starting age
Dark Age
Ending age
Imperial Age
RankedLock teamsTeams togetherTeam positionsShared explorationLock speedFull tech treeHidden civsTurbo modeCheats
Victory
Defeat
🇧🇷 Italians · Brazil
1303
+15
🇨🇦 Chinese · Canada
1291
-15
HungryJ
0:31 Loom
9:36 Feudal Age
10:13 Double-Bit Axe
15:04 Forging
17:06 Wheelbarrow
16:33 Horse Collar
17:14 Gold Mining
20:44 Castle Age
19:43 Scale Barding Armor
20:15 Bloodlines
20:45 Light Cavalry
21:34 Husbandry
22:23 Chain Barding Armor
24:28 Iron Casting
30:01 Bow Saw
31:36 Heavy Plow
WkxvII5228
9:17 Loom
11:44 Feudal Age
16:18 Castle Age
14:15 Fishing Lines
15:49 Double-Bit Axe
16:25 Horse Collar
16:39 Gold Mining
17:28 Wheelbarrow
18:36 Bow Saw
19:26 Town Watch
20:35 Bloodlines
20:58 Scale Barding Armor
21:03 Forging
21:05 Gillnets
21:21 Husbandry
24:35 Chain Barding Armor
26:50 Fletching
28:01 Bodkin Arrow
29:24 Town Patrol
29:58 Padded Archer Armor
30:58 Leather Archer Armor
Connection lost

Rejoining the realm…

Still unreachable

The connection could not be restored.

Session expired

The server has moved on; the page needs a fresh start.